 Dungeon Crawl Stone Soup version 0.30-a0-802-gb92711bcdf (webtiles) character file.

Game seed: 8170711858878116859

77 cheesebisquit the Cutter (level 4, 0/35 HPs)
             Began as a Merfolk Fighter on Feb 24, 2023.
             Slain by an orc wizard
             ... wielding a +0 dagger of electrocution
              (1 damage)
             ... on level 3 of the Dungeon.
             The game lasted 00:04:55 (1808 turns).

cheesebisquit the Cutter (Merfolk Fighter)          Turns: 1808, Time: 00:04:55

Health: 0/35       AC:  5    Str: 16    XL:     4   Next: 33%
Magic:  0/4        EV:  9    Int:  7    God:
Gold:   122        SH:  0    Dex: 21    Spells: 3/3 levels left

rFire   . . .      SeeInvis .    a - +0 rapier
rCold   . . .      Faith    .    c - +0 buckler
rNeg    + . .      Spirit   +    n - +0 ring mail
rPois   .          Reflect  .    (no helmet)
rElec   .          Harm     .    (no cloak)
rCorr   .          Rampage  .    (no gloves)
Will    .....                    (no boots) Stlth
                                 m - amulet of guardian spirit
HPRegen 0.25/turn                i - ring of positive energy
MPRegen 0.09/turn                l - +6 ring of dexterity

@: confused
A: (nimble swimmer 2), mertail
a: no special abilities


You were on level 3 of the Dungeon.
You visited 1 branch of the dungeon, and saw 3 of its levels.

You collected 122 gold pieces.

Inventory:

Hand Weapons
 a - a +0 rapier (weapon)
 e - a +0 dagger
Armour
 c - a +0 buckler (worn)
 n - a +0 ring mail (worn)
Jewellery
 i - a ring of positive energy (left hand)
 l - a +6 ring of dexterity (right hand)
 m - an amulet of guardian spirit (around neck)
Scrolls
 f - a scroll of enchant weapon {unknown}
 h - 2 scrolls of poison {unknown}
 j - a scroll of identify {unknown}
 k - a scroll of amnesia {unknown}
Potions
 d - a potion of might
 g - 2 potions of brilliance {unknown}


   Skills:
 - Level 3.2 Fighting
 + Level 5.4 Short Blades
 - Level 2.1 Armour
 - Level 3.0 Shields


You had 3 spell levels left.
You didn't know any spells.
Your spell library contained the following spells:

 Spells                   Type           Power      Damage    Failure   Level
 Inner Flame              Hex/Fire       0%         N/A       98%         3
 Stone Arrow              Conj/Erth      0%         3d7       98%         3
 Cause Fear               Hex            0%         N/A       100%        4
 Leda's Liquefaction      Hex/Erth       0%         N/A       100%        4
 Olgreb's Toxic Radiance  Pois           0%         N/A       100%        4
 Discord                  Hex            0%         N/A       100%        8
 Lehudib's Crystal Spear  Conj/Erth      0%         10d2      100%        8


Dungeon Overview and Level Annotations

Branches:
Dungeon (3/15)

Altars:


Innate Abilities, Weirdness & Mutations

((You are very nimble when in or above water. (Stealth+, EV+, Speed+++)))
Your lower body shifts to a powerful aquatic tail in water.


Message History

The orc is severely wounded.
An orc priest comes into view. It is wielding a +0 flail.
The orc hits you with a +0 hand axe.
You puncture the orc!
You kill the orc!
The orc wizard hits you but does no damage.
Items here: ))) [[ ††.
You closely miss the orc wizard.
The orc wizard hits you with a +0 dagger of electrocution.
You are electrocuted!!
You hit the orc wizard.
The orc wizard is lightly wounded.
You block the orc wizard's attack.
The orc priest hits you but does no damage.
You hit the orc wizard.
The orc wizard is moderately wounded.
The orc wizard closely misses you.
The orc priest mumbles some strange prayers to Beogh against you.
Pain shoots through your body!
You hit the orc wizard.
The orc wizard is moderately wounded.
The orc wizard points at you and mumbles some strange words.
You are confused.
The orc priest misses you.
You bump into the rock wall.
The orc priest miscasts a cantrip.
The orc wizard barely misses you. The orc wizard casts a spell at you.
You resist with some effort.
You miss the orc priest. The orc wizard closely misses you.
The orc priest hits you with a +0 flail.
You're too confused to move!
The orc wizard gestures at you while chanting.
The puff of flame hits you.
* * * LOW HITPOINT WARNING * * *
The orc priest hits you with a +0 flail!
* * * LOW HITPOINT WARNING * * *
The orc priest completely misses you.
The orc wizard hits you with a +0 dagger of electrocution.
You die...

#.# #.# #.# # ####<#
.# #....# .#
#.#######.### #.#
##.....###
#######.####.........
.............@....#
#######.####oo....#
#.# #......# #.#
#.###### ... ... #..
...# ### ####


You could see an orc priest and an orc wizard.

Vanquished Creatures
  An orc priest (D:3)
  A dart slug (D:2)
  2 orcs (D:3)
  3 endoplasms
  3 giant cockroaches
  7 goblins
  5 hobgoblins
  2 jackals (D:2)
  A quokka (D:2)
  A ball python (D:1)
  5 bats
  2 frilled lizards
  3 kobolds
  3 rats
39 creatures vanquished.

Notes
Turn   | Place    | Note
-------+----------+-------------------------------------------
     0 | D:1      | cheesebisquit the Merfolk Fighter began the quest for the
                  | Orb.
     0 | D:1      | Reached XP level 1. HP: 18/18 MP: 1/1
   123 | D:1      | Reached skill level 3 in Short Blades
   126 | D:1      | Reached XP level 2. HP: 13/24 MP: 2/2
   297 | D:1      | Got Kyssimoo's Monograph on the Stinger and the Mountains
   712 | D:2      | Reached skill level 4 in Short Blades
   806 | D:2      | Reached XP level 3. HP: 29/29 MP: 3/3
  1657 | D:2      | Found a faded altar of an unknown god.
  1791 | D:3      | Reached skill level 5 in Short Blades
  1791 | D:3      | Reached XP level 4. HP: 35/35 MP: 4/4
  1807 | D:3      | HP: 1/35 [orc priest/+0 flail (9)]
  1808 | D:3      | Slain by an orc wizard

Illustrated notes

Levels and vault maps discovered:
D:1:      amcnicky_arrival_underground_garden, layout_basic, st_stairs_10,
          nicolae_concentric_dashed_squares_wild, due_unseen_surprise
D:2:      layout_basic, hellmonk_ecumenical_altar_leap_of_faith
D:3:      layout_loops_ring, uniq_grinder, uniq_crazy_yiuf_cottage,
          uniq_natasha, uniq_robin

Skill      XL: |  1  2  3 |
---------------+----------+-----
Short Blades   | 3 4 5 |  5.4
Fighting       | |  3.2
Armour         | |  2.1
Shields        | |  3.0

Action                     |  1- 3 |  4- 6 || total
---------------------------+-------+-------++-------
  Melee: Rapier            |   128 |    11 ||   139
 Armour: Scale mail        |    49 |       ||    49
         Ring mail         |       |     2 ||     2
  Dodge: Dodged            |    44 |     7 ||    51
  Block: Buckler           |    24 |     2 ||    26

Table legend: (Time is in decaauts)
 A = Elapsed time spent in this place.
 B = Non-inter-level travel time spent in this place.
 C = Inter-level travel time spent in this place.
 D = Time resting spent in this place.
 E = Time spent auto-exploring this place.
 F = Levels seen in this place.
 G = Mean time per level.
                   A        B        C        D        E       F      G
               +--------+--------+--------+--------+--------+-----+--------+
         Total |   1811 |   1686 |    125 |      0 |   1349 |   3 |  603.7 |
       Dungeon |   1811 |   1686 |    125 |      0 |   1349 |   3 |  603.7 |
               +--------+--------+--------+--------+--------+-----+--------+

Top non-repeatable levels by time:
     D:2: 1037 daAuts
     D:1: 742 daAuts
     D:3: 31 daAuts
